 Dungeon Crawl Stone Soup version 0.30-a0-1066-g63dfefce0d (webtiles) character file.

Game seed: 17144918178283158252

27 dracfodder the Trooper (level 3, -1/24 HPs)
             Began as a Gargoyle Berserker on Apr 12, 2023.
             Was a Follower of Trog.
             Killed from afar by Sigmund (6 damage)
             ... with a magic dart
             ... on level 2 of the Dungeon.
             The game lasted 00:03:30 (837 turns).

dracfodder the Trooper (Gargoyle Berserker)          Turns: 837, Time: 00:03:30

Health: -1/24      AC:  9    Str: 19 (22) XL:     3   Next: 10%
Magic:  3/3        EV:  6    Int:  6 (7)  God:    Trog [*.....]
Gold:   79         SH:  0    Dex:  6 (9)  Spells: 2/2 levels left

rFire   . . .      SeeInvis .    a - +0 mace
rCold   . . .      Faith    .    (no shield)
rNeg    + . .      Spirit   .    o - +0 scale mail
rPois   ∞          Reflect  .    (no helmet)
rElec   +          Rampage  .    (no cloak)
rCorr   .                        (no gloves)
Will    .....                    (no boots) Stlth
                                 (no amulet)
HPRegen 0.24/turn                (no ring)
MPRegen 0.08/turn                (no ring)

@: on berserk cooldown, slowed, constricted, very slow
A: sickness immunity, AC +3, negative energy resistance 1, electricity
resistance, torment resistance 1, petrification resistance
a: Renounce Religion, Berserk


You were on level 2 of the Dungeon.
You worshipped Trog.
Trog was aware of your devotion.
You visited 1 branch of the dungeon, and saw 2 of its levels.

You collected 79 gold pieces.

Inventory:

Hand Weapons
 a - a +0 mace (weapon)
 b - a +0 sling
Armour
 o - a +0 scale mail (worn)
Scrolls
 h - a scroll of magic mapping {unknown}
 k - a scroll of fear {unknown}
 l - a scroll of identify {unknown}
Potions
 d - 2 potions of flight {unknown}
 e - a potion of berserk rage {unknown}
 g - a potion of magic {unknown}
 i - a potion of lignification {unknown}
 j - a potion of brilliance {unknown}
 m - a potion of cancellation {unknown}
 n - a potion of curing {unknown}


   Skills:
 + Level 3.8 Fighting
 + Level 3.6 Maces & Flails
 + Level 0.2 Ranged Weapons
 + Level 2.3 Armour
 + Level 1.6 Dodging


You had 2 spell levels left.
You didn't know any spells.
Your spell library was empty.

Dungeon Overview and Level Annotations

Branches:
Dungeon (2/15)

Altars:

Annotations:
D:2 Sigmund


Innate Abilities, Weirdness & Mutations

You are immune to sickness and miasma.
Your stone body is resilient. (AC +3)
You are immune to poison.
You resist negative energy. (rN+)
You are resistant to electric shocks. (rElec)
You are resistant to unholy torment.
You are immune to petrification.


Message History

A red film seems to cover your vision as you go berserk!
You feel yourself moving faster!
You feel mighty!
You feel a strong urge to attack something.
Sigmund gestures at you while chanting.
You are confused.
A ball python comes into view.
You feel your anger nearly subside.
The ball python hisses angrily.
You hear a shout!
Sigmund closely misses you.
A goblin comes into view. It is wielding a +0 club.
You are no longer berserk.
You are exhausted.
You feel yourself slow down.
You closely miss Sigmund. Sigmund hits you with a +0 scythe.
Sigmund hits you with a +0 scythe!
You closely miss Sigmund.
The ball python bites you but does no damage.
The ball python misses you. Sigmund barely misses you.
The ball python bites you but does no damage.
The ball python barely misses you.
The ball python attacks as you move away!
The ball python barely misses you. The ball python closely misses you.
Sigmund attacks as you move away! Sigmund closely misses you.
You feel less confused. The ball python misses you.
The ball python closely misses you.
Sigmund hits you from afar with a +0 scythe.
The ball python bites you. The ball python barely misses you.
The goblin hits you but does no damage. The ball python bites you.
The ball python grabs you. The ball python constricts you.
* * * LOW HITPOINT WARNING * * *
Sigmund hits you but does no damage.
It was a potion of degeneration.
There was something very wrong with that liquid.
You feel weakened.
You feel dopey.
You feel clumsy.
The ball python bites you but does no damage.
The ball python constricts you. The goblin hits you with a +0 club.
* * * LOW HITPOINT WARNING * * *
Sigmund gestures at you while chanting. The magic dart hits you.
You die...

##.......## #.........#
#.........# #.........#
#....(....# #.........#
#........?# #......#
#....!Sg..# #......#
#....@@...# ###......#
#.........####........#
#.....................#
##..........## #.......
##.....#...####.......
###.#...#............
#.....#####..........
......#.###
###.......... ..#####.#
#............


You could see Sigmund, a goblin and a ball python.

Vanquished Creatures
  2 dart slugs (D:1)
  2 endoplasms (D:1)
  2 goblins (D:1)
  A hobgoblin (D:1)
  3 jackals (D:2)
  A quokka (D:1)
  4 bats
  3 kobolds (D:1)
  2 rats (D:1)
20 creatures vanquished.

Notes
Turn   | Place    | Note
-------+----------+-------------------------------------------
     0 | D:1      | dracfodder the Gargoyle Berserker began the quest for the
                  | Orb.
     0 | D:1      | Reached XP level 1. HP: 14/14 MP: 1/1
   367 | D:1      | Reached XP level 2. HP: 14/19 MP: 2/2
   759 | D:2      | Reached XP level 3. HP: 24/24 MP: 3/3
   826 | D:2      | Noticed Sigmund
   837 | D:2      | Killed from afar by Sigmund

Illustrated notes

Levels and vault maps discovered:
D:1:      scummos_arrival_forest, layout_basic
D:2:      layout_rooms, uniq_sigmund, uniq_jessica

Action                     || total
---------------------------++-------
  Melee: Mace              ||    57
   Fire: Sling             ||     9
 Invoke: Berserk           ||     1
    Use: Potion            ||     1
   Stab: Sleeping          ||     1
 Armour: Ring mail         ||    28
         Animal skin       ||     3
         Scale mail        ||     5
  Dodge: Dodged            ||    53

Table legend: (Time is in decaauts)
 A = Elapsed time spent in this place.
 B = Non-inter-level travel time spent in this place.
 C = Inter-level travel time spent in this place.
 D = Time resting spent in this place.
 E = Time spent auto-exploring this place.
 F = Levels seen in this place.
 G = Mean time per level.
                   A        B        C        D        E       F      G
               +--------+--------+--------+--------+--------+-----+--------+
         Total |    853 |    846 |      7 |      0 |    603 |   2 |  426.5 |
       Dungeon |    853 |    846 |      7 |      0 |    603 |   2 |  426.5 |
               +--------+--------+--------+--------+--------+-----+--------+

Top non-repeatable levels by time:
     D:1: 744 daAuts
     D:2: 108 daAuts
